 Dungeon Crawl Stone Soup version 0.30.0-29-ga12c61a403 (webtiles) character file.

Game seed: 2268393882839659582

330 Dadbod the Digger (level 6, -1/70 HPs)
             Began as a Hill Orc Earth Elementalist on June 22, 2023.
             Slain by a gnoll bouda
             ... wielding a +0 club
              (4 damage)
             ... on level 4 of the Dungeon.
             The game lasted 00:10:53 (3626 turns).

Dadbod the Digger (Hill Orc Earth Elementalist)     Turns: 3626, Time: 00:10:55

Health: -1/70      AC: 23    Str: 13    XL:     6   Next: 51%
Magic:  18/18      EV:  2    Int: 21    God:
Gold:   195        SH:  0    Dex:  7    Spells: 8/9 levels left

rFire   . . .        i - +7 quarterstaff of Pitatosi {flame, rCorr MP+9 Dex-4}
rCold   . . .        (shield currently unavailable)
rNeg    . . .        q - melded +0 scale mail
rPois   +            (helmet currently unavailable)
rElec   .            (cloak currently unavailable)
rCorr   +            (gloves currently unavailable)
SInv    .            w - melded +2 pair of boots
Will    .....        t - amulet of the acrobat
Stlth   +            j - ring of flight
HPRegen 0.31/turn    g - +6 ring of intelligence
MPRegen 0.16/turn

%: acrobat
@: tree-form, weakened, attractive
A: stationary, stasis, torment immunity, boosted hp
a: no special abilities


You were on level 4 of the Dungeon.
You were a tree.
You visited 2 branches of the dungeon, and saw 5 of its levels.

You collected 195 gold pieces.

Inventory:

Hand Weapons
 i - the +7 quarterstaff of Pitatosi (weapon) {flame, rCorr MP+9 Dex-4}
   (You found it on level 2 of the Dungeon)

   Dex:       It affects your dexterity (-4).
   MP:        It affects your magic capacity (+9).
   rCorr:     It protects you from acid and corrosion.
 p - a +0 hand axe
Missiles
 c - 4 javelins
Armour
 q - a +0 scale mail (melded)
 w - a +2 pair of boots (melded)
Jewellery
 g - a +6 ring of intelligence (right branch)
 j - a ring of flight (left branch)
 t - an amulet of the acrobat (around neck)
Wands
 y - a wand of roots (8)
Scrolls
 f - 2 scrolls of magic mapping {unknown}
 l - a scroll of immolation {unknown}
 m - a scroll of vulnerability {unknown}
 n - a scroll of teleportation {unknown}
 o - 3 scrolls of fog
 r - a scroll of blinking {unknown}
Potions
 b - a potion of magic
 d - a potion of brilliance
 e - a potion of flight
 k - a potion of invisibility {unknown}
 s - a potion of attraction
 u - a potion of degeneration {unknown}
 v - a potion of lignification
 x - 2 potions of ambrosia {unknown}
 z - a potion of heal wounds {unknown}


   Skills:
 - Level 1.1 Fighting
 + Level 4.0 Staves
 - Level 0.6 Armour
 - Level 2.0 Dodging
 - Level 1.9 Stealth
 - Level 2.1 Spellcasting
 - Level 0.6 Transmutations
 - Level 4.2 Earth Magic


You had 8 spell levels left.
You knew the following spells:

 Your Spells              Type           Power      Damage    Failure   Level
a - Sandblast             Erth           38%        2d10      2%          1

Your spell library contained the following spells:

 Spells                   Type           Power      Damage    Failure   Level
 Passwall                 Tmut/Erth      10%        N/A       9%          2
 Freeze                   Ice            8%         1d3       14%         1
 Necrotise                Necr           8%         1d4       14%         1
 Slow                     Hex            8%         N/A       14%         1
 Stone Arrow              Conj/Erth      22%        3d8       19%         3
 Confusing Touch          Hex            2%         N/A       41%         3
 Frozen Ramparts          Ice            4%         1d1       41%         3
 Gell's Gravitas          Tloc           2%         N/A       41%         3
 Hailstorm                Conj/Ice       2%         3d3       41%         3
 Teleport Other           Tloc           2%         N/A       41%         3
 Vampiric Draining        Necr           2%         2d6       41%         3
 Petrify                  Tmut/Erth      12%        N/A       47%         4
 Blade Hands              Tmut           2%         N/A       97%         5
 Irradiate                Conj/Tmut      1%         3d12      98%         5
 Agony                    Necr           2%         N/A       99%         5
 Dispersal                Tloc           1%         N/A       100%        6
 Dragon Form              Tmut           2%         N/A       100%        7


Dungeon Overview and Level Annotations

Branches:
Dungeon (4/15)             Temple (1/1) D:4

Altars:
Ashenzari
Dithmenos
Elyvilon
Fedhas
Gozag
Kikubaaqudgha
Nemelex Xobeh
Okawaru
Qazlal
Ru
Sif Muna
Trog
Uskayaw
Wu Jian
Xom
Zin
The Shining One


Message History

The gnoll hits you with a +0 club.
* * * LOW HITPOINT WARNING * * *
It was a potion of curing.
You feel better.
The gnoll hits you from afar with a +0 halberd.
The gnoll hits you with a +0 club!
* * * LOW HITPOINT WARNING * * *
The gnoll bouda barely misses you.
Unknown command.
You feel better. The gnoll hits you but does no damage.
The gnoll barely misses you.
The gnoll bouda gazes fiercely through you!
You feel as though you will be weak longer.
The gnoll bouda hits you with a +0 club!
* * * LOW HITPOINT WARNING * * *
Unknown command.
Unknown command.
Unknown command.
Unknown command.
Press: ? - help, v - describe, . - travel
Here: a gnoll, wielding a +0 club (covering ground quickly)
The floor.
Unknown command.
Unknown command.
Unknown command.
Unknown command.
It was a potion of attraction.
You feel attractive to monsters.
The gnoll hits you from afar with a +0 halberd.
* * * LOW HITPOINT WARNING * * *
The gnoll hits you with a +0 club.
* * * LOW HITPOINT WARNING * * *
The gnoll bouda barely misses you.
It was a potion of lignification.
You turn into a tree.
Your +2 pair of boots melds into your body.
Your +0 scale mail melds into your body.
Your roots penetrate the ground.
The gnoll hits you but does no damage. The gnoll hits you with a +0 club.
* * * LOW HITPOINT WARNING * * *
The gnoll bouda hits you with a +0 club.
You die...

#......g...#.................
......†.............#........
..># #.....§........#........
.....##...§§.§..........#..#.
#.......§§....#.....###..##
#........§..#.##..........#
#...§§...g##.........#......
.....§§##.g##.#.....###...#.
.......##§#♣..##....##....#.
..........g...##....###.....
..####............####......
######.....##.....## #......
#.........##......###.###..
##.##.....####.....##...#...
#####...........###.....#..#..<#
##......#######..#
##########..## ...####.# #..#
#...#...#....#


You could see a gnoll bouda and 2 gnolls.

Vanquished Creatures
  A black bear (D:4)
  A scorpion (D:4)
  A howler monkey (D:4)
  A jelly (D:3)
  A gnoll (D:4)
  3 adders (D:2)
  4 worms
  A dart slug (D:1)
  An orc (D:3)
  7 ball pythons
  6 bats
  5 endoplasms
  2 giant cockroaches (D:3)
  5 goblins
  7 hobgoblins
  2 jackals (D:2)
  4 kobolds
  3 quokkas (D:2)
  3 frilled lizards
  6 rats
64 creatures vanquished.

Notes
Turn   | Place    | Note
-------+----------+-------------------------------------------
     0 | D:1      | Dadbod the Hill Orc Earth Elementalist began the quest for
                  | the Orb.
     0 | D:1      | Reached XP level 1. HP: 14/14 MP: 3/3
   113 | D:1      | Reached XP level 2. HP: 20/20 MP: 2/4
  1418 | D:2      | Reached XP level 3. HP: 19/27 MP: 0/5
  1868 | D:2      | Reached skill level 1 in Fighting
  1962 | D:2      | Identified the +7 quarterstaff of Pitatosi {flame, rCorr
                  | MP+9 Dex-4}
  2301 | D:2      | Reached XP level 4. HP: 27/35 MP: 7/7
  3010 | D:3      | Reached skill level 1 in Staves
  3010 | D:3      | Reached XP level 5. HP: 25/40 MP: 8/8
  3152 | D:4      | Reached XP level 6. HP: 35/47 MP: 9/9
  3181 | D:4      | Found a staircase to the Ecumenical Temple.
  3198 | D:4      | Noticed a black bear
  3204 | D:4      | Killed a black bear
  3215 | Temple   | Entered the Ecumenical Temple
  3626 | D:4      | HP: 3/70 [gnoll/+0 club[a gnoll bouda] (2)]
  3626 | D:4      | Slain by a gnoll bouda

Illustrated notes

Levels and vault maps discovered:
D:1:      lemuel_arrival_behind_the_door_small, layout_basic
D:2:      kb_forest_paths, layout_basic
D:3:      minmay_wonky_spiral, layout_loops_cross
D:4:      layout_cave_pools, mainiacjoe_overflow_alcove_4,
          minmay_temple_entry_junction_2, bh_walls_and_bars
Temple:   nicolae_temple_bog_church

Skill      XL: |  1  2  3  4  5  6 |
---------------+-------------------+-----
Spellcasting   | 2 |  2.1
Fighting       | 1 |  1.1
Dodging        | 2 |  2.0
Staves         | 1 3 4 |  4.0
Earth Magic    | 4 |  4.2
Armour         | |  0.6
Stealth        | |  1.9
Transmutations | |  0.6

Action                     |  1- 3 |  4- 6 || total
---------------------------+-------+-------++-------
  Melee: Unarmed           |    13 |       ||    13
         Quarterstaff      |     8 |    49 ||    57
  Throw: Javelin           |     5 |       ||     5
   Cast: Sandblast         |    62 |    17 ||    79
    Use: Potion            |       |     4 ||     4
         Scroll            |       |     3 ||     3
 Armour: Robe              |     4 |       ||     4
         Ring mail         |     7 |     3 ||    10
         Scale mail        |       |    21 ||    21
         Skin              |       |     1 ||     1
  Dodge: Dodged            |    31 |    20 ||    51
